Cogmind - Beta 13 @@@ ROGUE MODE // 2024.06.19 @ 18:50:25 Player: EYE-VY Result: Core destroyed Performance ------------- Evolutions (4) 2000 Regions Visited (11) 2200 Robots Destroyed (126) 630 Value Destroyed (4605) 4605 Prototype IDs (9) 180 Alien Tech Used (0) 0 Bonus (2974) 2974 TOTAL SCORE: 12589 Bonus ------- High Alert Combat Kills 109 Follower Combat Kills 1924 Built Enhanced Grunts 300 A7 Reached Mainframe 300 Met R17 at Cetus 500 Friendly Fire -159 Cogmind --------- Core Integrity 0/850 Matter 254/300 Energy 67/290 System Corruption 9% Temperature Critical (567) Movement Treading (243) Ox1 Location -6/Hub_04(d) Parts ------- > --- POWER (2) -------- Reinforced Deuterium Engine > --- PROPULSION (3) --- Light Treads Light Treads Armored Treads > --- UTILITY (7) ------ Cooling System Large Storage Unit Enhanced Optical Array Advanced Targeting Computer Advanced Targeting Computer Hardened Heavy Armor Plating > --- WEAPON (3) ------- Heavy Laser Cooled Particle Cannon Cooled Particle Cannon > --- INVENTORY (15) --- Neutrino Core Light Treads Advanced Heat Sink Advanced Sensor Array Core Analyzer Improved Medium Armor Plating Layered Medium Armor Plating Pulse Rifle Heavy Plasma Cannon Heavy Assault Cannon Plasma Cutter Phasing Sabre Peak State ------------ > --- POWER ------------ Reinforced Deuterium Engine Quantum Reactor > --- PROPULSION ------- Light Treads Improved Treads Improved Medium Treads > --- UTILITY ---------- Large Storage Unit Enhanced Optical Array Advanced Signal Interpreter Advanced Targeting Computer Advanced Targeting Computer Centrium Medium Armor Plating Centrium Medium Armor Plating > --- WEAPON ----------- Advanced Beam Cannon Cooled Particle Cannon Advanced KE Penetrator > --- INVENTORY -------- Neutrino Core Light Treads Improved Treads Advanced Heat Sink Advanced Sensor Array Improved Medium Armor Plating Layered Medium Armor Plating Centrium Medium Armor Plating Hacking Suite Cooled Particle Cannon Cooled Particle Cannon Heavy Plasma Cannon Heavy Machine Gun Plasma Cutter Phasing Sabre [Rating: 78] Favorites ----------- Power Reinforced Deuterium Engine Engine Reinforced Deuterium Engine Power Core Light Nuclear Core Reactor Quantum Reactor Propulsion Light Treads Treads Light Treads Leg Aluminum Leg Utility Advanced Targeting Computer Device Improved Heat Sink Storage Large Storage Unit Processor Advanced Targeting Computer Hackware Hacking Suite Protection Centrium Medium Armor Plating Weapon Enhanced Autogun Energy Gun Gatling Laser Energy Cannon Advanced Beam Cannon Ballistic Gun Enhanced Autogun Launcher Rocket Launcher Special Weapon Plasma Cutter Slashing Weapon Scythe Build | -11 -10 -9 -9 -8 -8 -8 -6 -6 -6 -6 -6 ------- Run | Yrd Mat Mat Min Mat Sto Rec Fac Ext Cet Arc Hub Slots Evolved 8 | . . 2 . 2 . . 4 . . . . Power 1 | . . . . . . . 1 . . . . Propulsion 1 | . . . . 1 . . . . . . . Utility 5 | . . 2 . 1 . . 2 . . . . Weapon 1 | . . . . . . . 1 . . . . Parts Attached 189 | 5 10 37 3 5 34 4 23 25 9 3 31 Power 22 | 1 2 5 . 1 4 . 5 2 1 . 1 Engine 19 | 1 2 5 . 1 4 . 3 2 . . 1 Core 2 | . . . . . . . 2 . . . . Reactor 1 | . . . . . . . . . 1 . . Propulsion 46 | 2 3 7 . 1 9 2 3 5 . 3 11 Treads 39 | . 3 5 . 1 9 2 3 5 . 3 8 Leg 7 | 2 . 2 . . . . . . . . 3 Wheel . | . . . . . . . . . . . . Hover . | . . . . . . . . . . . . Flight . | . . . . . . . . . . . . Utility 61 | 1 2 18 1 3 6 1 8 7 5 . 9 Device 28 | . . 10 . 1 4 . 5 4 2 . 2 Storage 5 | 1 1 3 . . . . . . . . . Processor 7 | . 1 . . 2 1 1 . 1 1 . . Hackware 1 | . . . . . . . . . . . 1 Protection 20 | . . 5 1 . 1 . 3 2 2 . 6 Artifact . | . . . . . . . . . . . . Weapon 60 | 1 3 7 2 . 15 1 7 11 3 . 10 Energy Gun 5 | . . . . . 1 . 2 1 . . 1 Energy Cannon 15 | . 1 2 . . . . 1 4 1 . 6 Ballistic Gun 24 | 1 2 5 1 . 7 1 2 2 1 . 2 Ballistic Cannon . | . . . . . . . . . . . . Launcher 3 | . . . 1 . 1 . 1 . . . . Special Weapon 9 | . . . . . 2 . 1 4 1 . 1 Impact Weapon . | . . . . . . . . . . . . Slashing Weapon 4 | . . . . . 4 . . . . . . Piercing Weapon . | . . . . . . . . . . . . Special Melee Weapon . | . . . . . . . . . . . . Unidentified Prototypes 9 | . . 1 . 1 3 . 1 . 2 . 1 Parts Lost 42 | . . 8 . . 5 . 12 . 1 . 16 Power 4 | . . . . . . . 2 . . . 2 Propulsion 13 | . . 3 . . 1 . 3 . 1 . 5 Utility 14 | . . 4 . . 3 . 3 . . . 4 Weapon 11 | . . 1 . . 1 . 4 . . . 5 Highest Loss Streak 13 | . . 3 . . 4 . 7 . 1 . 13 To Critical Strikes 1 | . . . . . . . 1 . . . . Average Slot Usage (%) 97 | . 96 97 100 100 98 100 97 100 96 99 91 Engine 10 | . 13 11 11 9 9 9 10 13 6 6 8 Treads 20 | . 23 17 22 27 26 27 19 20 16 19 12 Leg 1 | . 4 4 . . . . . . . . 4 Device 8 | . . 14 1 9 8 9 13 13 10 6 5 Storage 8 | . 16 11 11 9 9 9 6 6 6 6 6 Processor 18 | . 9 11 11 14 25 27 20 20 21 26 22 Protection 6 | . . 5 20 12 1 . 4 5 6 6 9 Energy Gun 3 | . . . . . . . 1 12 9 6 . Energy Cannon 2 | . 1 3 . . . . . 3 3 6 13 Ballistic Gun 12 | . 25 18 13 18 14 18 17 1 2 6 2 Naked Turns . | . . . . . . . . . . . . Heaviest Build 96 | 10 32 40 42 42 41 35 58 67 78 77 96 Greatest Support 73 | 20 40 46 46 66 66 63 62 73 73 73 73 Greatest Overweight (x) 22 | 3 1 1 . . . . . . 1 1 22 Average Overweight (x) . | . . . . . . . . . . 1 1 Largest Inventory Capacity 15 | 8 15 15 15 15 15 15 15 15 15 15 15 Average Capacity 14 | 7 13 14 15 15 15 15 15 15 15 15 15 Most Carried 15 | 4 15 15 15 15 15 15 15 15 15 15 15 Average Carried 13 | 2 11 12 14 14 14 14 13 13 14 14 13 Final Capacity 15 | 8 15 15 15 15 15 15 15 15 15 15 15 Final Carried 15 | 3 15 15 15 15 15 15 9 15 15 15 13 Class Distribution -------------------- 27% | Scavenger-Mutant 25% | Scavenger-Gunner 19% | Mutant 10% | Commander-Mutant 9% | Scavenger-Skirmisher 4% | Commander-Gunner Dominant Class ---------------- Mutant | -10/Materials Mutant | -9/Materials Scavenger-Mutant | -9/Mines Scavenger-Mutant | -8/Materials Scavenger-Mutant | -8/Storage Commander-Mutant | -8/Recycling Commander-Gunner | -6/Factory Scavenger-Gunner | -6/Extension Scavenger-Gunner | -6/Cetus Scavenger-Skirmisher | -6/Archives Scavenger-Gunner | -6/Hub_04(d) Resources | -11 -10 -9 -9 -8 -8 -8 -6 -6 -6 -6 -6 ----------- Run | Yrd Mat Mat Min Mat Sto Rec Fac Ext Cet Arc Hub Matter Collected 3597 | 205 349 649 384 . 705 94 495 263 111 50 292 Remotely . | . . . . . . . . . . . . Salvage Created 5201 | . 522 1028 258 . 813 51 597 670 134 . 1128 Parts 298 | . 27 80 28 . 42 5 24 29 7 . 56 Haulers Intercepted 3 | . 1 . . . 1 . . . . . 1 Recyclers Shooed 3 | . . . . . 1 . 1 . . . 1 Parts Field Recycled . | . . . . . . . . . . . . Retrieved Matter . | . . . . . . . . . . . . Parts Self-Destructed . | . . . . . . . . . . . . Prevented . | . . . . . . . . . . . . Kills | -11 -10 -9 -9 -8 -8 -8 -6 -6 -6 -6 -6 ------- Run | Yrd Mat Mat Min Mat Sto Rec Fac Ext Cet Arc Hub Combat Hostiles Destroyed 107 | . 9 25 17 . 19 1 10 7 3 . 16 Guns 65 | . 9 20 5 . 12 1 7 5 2 . 4 Cannons 20 | . . 5 . . . . 2 1 . . 12 AOE 20 | . . . 12 . 7 . 1 . . . . Classes Destroyed 17 | . 3 6 1 . 1 . 1 2 . . 3 Worker 2 | . . 1 1 . . . . . . . . Tunneler 5 | . . 1 3 . . . . . . . 1 Hauler 3 | . 1 . . . 1 . . . . . 1 Recycler 2 | . . . . . 1 . . 1 . . . Operator 1 | . . . . . . . . 1 . . . Watcher 8 | . 2 3 . . 1 . . . 1 . 1 Swarmer 24 | . . 9 10 . 3 . . . 2 . . Grunt 42 | . 9 6 4 . 11 . 5 2 . . 5 Brawler 2 | . . 1 . . 1 . . . . . . Duelist 3 | . . 1 . . 1 . . . . . 1 Sentry 19 | . . 8 . . 3 1 2 3 . . 2 Specialist 4 | . . . . . . . . . . . 4 Hunter 5 | . . . . . . . 4 . . . 1 Programmer 1 | . . . . . . . . . . . 1 Heavy 2 | . . . . . . . . . . . 2 Behemoth 2 | . . . . . . . . 2 . . . Cetus Guard 1 | . . . . . . . . . 1 . . Assembled 3 | . . . 3 . . . . . . . . Best Kill Streak 9 | . 3 5 7 . 9 1 5 2 2 . 7 Combat Bots Only 9 | . 3 4 5 . 9 1 5 2 2 . 7 Max Kills in Single Turn 4 | . 1 1 4 . 2 1 1 2 1 . 1 Gunslinging 1 | . . . . . . . . 1 . . . Exploded 3 | . . . 3 . 2 . 1 . . . . Melee . | . . . . . . . . . . . . Uniques/NPCs Destroyed . | . . . . . . . . . . . . Combat | -11 -10 -9 -9 -8 -8 -8 -6 -6 -6 -6 -6 -------- Run | Yrd Mat Mat Min Mat Sto Rec Fac Ext Cet Arc Hub Hostile Shots Fired 874 | . 55 164 38 . 107 2 182 36 11 5 274 Missed 242 | . 15 41 13 . 30 1 50 14 2 3 73 Damage Taken 9947 | . 476 1384 265 . 1324 29 1868 301 278 48 3974 Core 1405 | . 102 217 55 . 146 17 168 32 51 23 594 Absorbed by Shields 76 | . . . . . . . . 22 54 . . Redirected to Shielding 110 | . . . . . . . 110 . . . . Core Remaining (%) 65 | 100 59 . 32 . . 70 . . . . . Volleys Fired 351 | . 35 97 35 . 52 3 39 18 14 5 53 Largest 3 | . 2 2 2 . 2 2 3 3 3 3 3 Hottest 270 | . 80 128 46 . 50 50 133 223 223 183 270 Shots Fired 689 | . 70 182 38 . 86 6 97 51 28 7 124 Gun 521 | . 68 155 28 . 79 6 90 35 21 6 33 Cannon 148 | . 2 27 . . . . 4 16 7 1 91 Launcher 20 | . . . 10 . 7 . 3 . . . . Special . | . . . . . . . . . . . . Kinetic 455 | . 68 155 28 . 79 6 81 2 4 5 27 Thermal 214 | . 2 27 . . . . 13 49 24 2 97 Explosive 20 | . . . 10 . 7 . 3 . . . . Electromagnetic . | . . . . . . . . . . . . Robot Hit Streak 34 | . 17 9 7 . 13 18 34 22 19 9 23 Robot Miss Streak 4 | . 3 4 2 . 2 . 4 3 4 1 4 Penetration Max 1 | . . . . . . . 1 . 1 . 1 Secondary Targets 9 | . 2 3 . . 1 . 2 1 . . . Max Gunslinging Chain 1 | . 1 1 . . 1 . 1 1 . . . Shots Hit Robots 500 | . 52 107 25 . 68 6 79 41 23 6 93 Core Hits 269 | . 22 50 28 . 50 2 44 22 13 4 34 Critical Kills 4 | . 1 . . . 1 . 1 . . . 1 Critical Parts Destroyed 4 | . . . . . . . . . 1 2 1 Critical Strikes 9 | . 1 . . . 1 . 1 . 2 2 2 Burn 1 | . . . . . . . . . 1 . . Destroy 8 | . 1 . . . 1 . 1 . 1 2 2 Melee Attacks 5 | . . . . . 5 . . . . . . Impact . | . . . . . . . . . . . . Slashing 5 | . . . . . 5 . . . . . . Piercing . | . . . . . . . . . . . . Sneak Attacks . | . . . . . . . . . . . . Combat Hostiles . | . . . . . . . . . . . . Follow-up Attacks . | . . . . . . . . . . . . Damage Inflicted 12301 | . 705 1486 1217 . 2352 101 1710 1077 542 165 2946 Guns 6688 | . 670 1170 326 . 1067 101 1330 810 418 145 651 Cannons 3121 | . 35 316 . . . . 83 262 124 20 2281 Explosions 2473 | . . . 891 . 1285 . 297 . . . . Melee . | . . . . . . . . . . . . Ramming 19 | . . . . . . . . 5 . . 14 Kinetic 5272 | . 670 1170 326 . 1067 101 1101 50 120 110 557 Thermal 4537 | . 35 316 . . . . 312 1022 422 55 2375 Explosive 2473 | . . . 891 . 1285 . 297 . . . . Electromagnetic . | . . . . . . . . . . . . Impact . | . . . . . . . . . . . . Slashing . | . . . . . . . . . . . . Piercing . | . . . . . . . . . . . . Highest Corruption 5 | . . 5 5 . . . . . . . 5 Average Corruption 4 | . . 4 5 . . . . . . . 5 Corruption Purged . | . . . . . . . . . . . . Corruption Blocked . | . . . . . . . . . . . . Effects 52 | . . 27 25 . . . . . . . . Message Errors 15 | . . 5 10 . . . . . . . . Matter Fused 14 | . . 8 6 . . . . . . . . Heat Flow Errors 6 | . . 4 2 . . . . . . . . Energy Discharges 7 | . . 5 2 . . . . . . . . Parts Rejected 1 | . . 1 . . . . . . . . . Parts Fused 1 | . . . 1 . . . . . . . . Data Loss (minor) 6 | . . 2 4 . . . . . . . . Data Loss (major) 2 | . . 2 . . . . . . . . . Overload Shots 13 | . . . . . . . . . . . 13 Effects 2 | . . . . . . . . . . . 2 Energy Bleed 1 | . . . . . . . . . . . 1 Heat Surge 1 | . . . . . . . . . . . 1 Overflow Damage 177 | . . 3 41 . 42 . 2 . . . 89 Projectiles 92 | . . 3 . . . . . . . . 89 Explosions 85 | . . . 41 . 42 . 2 . . . . Melee . | . . . . . . . . . . . . Knockbacks 1 | . . . . . . . . . . . 1 Impact 1 | . . . . . . . . . . . 1 Kinetic . | . . . . . . . . . . . . Secondary . | . . . . . . . . . . . . Self-Inflicted Damage 96 | . . . . . 42 . 54 . . . . Shots 4 | . . . . . 2 . 2 . . . . Rammed 2 | . . . . . . . 1 1 . . . Targets Rammed 5 | . . . . . . . 1 1 . . 3 Kicked 2 | . . . . . . . . . . . 2 Crushed 1 | . . . . . . . . . . . 1 Highest Temperature 602 | . 18 357 282 . 147 9 21 393 602 147 570 Average Temperature 113 | . 5 126 67 . 47 9 7 105 191 50 150 Received Heat Transfer 2247 | . 267 366 12 . 594 9 321 79 49 9 541 Effects 19 | . . 1 . . . . . 3 4 . 11 Shutdowns 5 | . . 1 . . . . . . 1 . 3 Energy Bleed 3 | . . . . . . . . 1 1 . 1 Interference 9 | . . . . . . . . 2 2 . 5 Damage (minor) 1 | . . . . . . . . . . . 1 Damage (core) 1 | . . . . . . . . . . . 1 Siege Activations . | . . . . . . . . . . . . Robots Corrupted . | . . . . . . . . . . . . Combat Hostiles . | . . . . . . . . . . . . Parts Fried . | . . . . . . . . . . . . Impact Corruptions . | . . . . . . . . . . . . Robots Melted 2 | . . . . . . . . 1 1 . . Combat Hostiles 2 | . . . . . . . . 1 1 . . Parts Melted 15 | . . . . . . . . 10 2 . 3 Heat Transferred 7324 | . 74 592 . . . . 673 1949 931 112 2993 Parts Sabotaged . | . . . . . . . . . . . . Parts Stolen . | . . . . . . . . . . . . Parts Stripped . | . . . . . . . . . . . . Power Chain Reactions . | . . . . . . . . . . . . Alert | -11 -10 -9 -9 -8 -8 -8 -6 -6 -6 -6 -6 ------- Run | Yrd Mat Mat Min Mat Sto Rec Fac Ext Cet Arc Hub Peak Influence 558 | . 136 326 526 86 558 159 202 273 317 310 346 Initial 120 | . . 42 111 68 35 120 14 32 3 98 38 Average 158 | . 51 189 257 76 391 56 85 75 127 261 200 Maximum Alert Level 2 | . . 1 2 . 2 . 1 1 1 1 1 Low Security (%) 68 | 100 100 50 42 100 13 100 97 92 79 24 57 Level 1 24 | . . 49 51 . 16 . 2 7 20 75 42 Level 2 6 | . . . 6 . 70 . . . . . . Level 3 . | . . . . . . . . . . . . Level 4 . | . . . . . . . . . . . . Level 5 . | . . . . . . . . . . . . High Security . | . . . . . . . . . . . . Max Security . | . . . . . . . . . . . . Squads Dispatched 19 | . 1 2 . . 3 . 4 . . . 9 Investigation 2 | . 1 . . . 1 . . . . . . Extermination 2 | . . . . . . . 1 . . . 1 Reinforcement 9 | . . 2 . . . . 3 . . . 4 Assault 3 | . . . . . 2 . . . . . 1 Garrison 3 | . . . . . . . . . . . 3 Intercept . | . . . . . . . . . . . . Searches Triggered . | . . . . . . . . . . . . Construction Impeded 1 | . . . . . . . 1 . . . . Haulers Reinforced . | . . . . . . . . . . . . Active Scanning Responses . | . . . . . . . . . . . . Cargo Convoy Interrupts . | . . . . . . . . . . . . Stealth | -11 -10 -9 -9 -8 -8 -8 -6 -6 -6 -6 -6 --------- Run | Yrd Mat Mat Min Mat Sto Rec Fac Ext Cet Arc Hub Distress Signals 7 | . . 2 . . 1 . . 1 2 . 1 Communications Jammed . | . . . . . . . . . . . . Distress Signals . | . . . . . . . . . . . . Times Spotted 182 | . 15 35 18 . 26 3 23 16 14 3 29 Peak Tracking Total 12 | . 3 4 4 . 12 1 6 3 5 1 7 Tactical Retreats 3 | . . 2 . . . . 1 . . . . Traps | -11 -10 -9 -9 -8 -8 -8 -6 -6 -6 -6 -6 ------- Run | Yrd Mat Mat Min Mat Sto Rec Fac Ext Cet Arc Hub Traps Triggered 4 | . 1 2 . . 1 . . . . . . Indirectly . | . . . . . . . . . . . . Trap Hack Attempts . | . . . . . . . . . . . . Triggered . | . . . . . . . . . . . . Disarmed 2 | . . . . . 2 . . . . . . Reprogrammed . | . . . . . . . . . . . . Reused . | . . . . . . . . . . . . Traps Extracted . | . . . . . . . . . . . . Installed . | . . . . . . . . . . . . Triggered . | . . . . . . . . . . . . Machines | -11 -10 -9 -9 -8 -8 -8 -6 -6 -6 -6 -6 ---------- Run | Yrd Mat Mat Min Mat Sto Rec Fac Ext Cet Arc Hub Machines Disabled 16 | . . 1 1 . 5 . . 1 1 3 4 Max in Single Turn 2 | . . 1 1 . 2 . . . . 1 1 Garrison Access 1 | . . . . . . . . . . . 1 Machines Repaired . | . . . . . . . . . . . . Machines Dismantled 10 | . . . . . 2 . 1 5 1 . 1 Machines Sabotaged . | . . . . . . . . . . . . Overloaded Fab Kills . | . . . . . . . . . . . . Hacking | -11 -10 -9 -9 -8 -8 -8 -6 -6 -6 -6 -6 --------- Run | Yrd Mat Mat Min Mat Sto Rec Fac Ext Cet Arc Hub Machines Accessed 46 | . 6 9 . 2 10 7 2 5 2 1 2 Terminals 37 | . 5 7 . 2 8 6 1 5 2 . 1 Fabricators . | . . . . . . . . . . . . Repair Stations . | . . . . . . . . . . . . Recycling Units 7 | . 1 2 . . 2 1 1 . . . . Scanalyzers . | . . . . . . . . . . . . Garrison Access 1 | . . . . . . . . . . . 1 Total Hacks 143 | . 18 20 . 9 29 16 5 12 6 25 3 Successful 81 | . 8 12 . 4 19 4 1 6 2 25 . Failed 61 | . 10 7 . 5 10 12 4 6 4 . 3 Catastrophic 9 | . 1 2 . . 2 1 . 1 1 . 1 Database Lockouts 1 | . . 1 . . . . . . . . . Manual 83 | . 15 14 . 9 17 16 . 9 1 2 . Terminals 102 | . 14 15 . 9 27 14 4 12 6 . 1 Fabricators . | . . . . . . . . . . . . Repair Stations . | . . . . . . . . . . . . Recycling Units 14 | . 4 5 . . 2 2 1 . . . . Scanalyzers . | . . . . . . . . . . . . Garrison Access 2 | . . . . . . . . . . . 2 Terminal Hacks 50 | . 2 4 . 2 12 . . 3 2 25 . Record 30 | . 1 . . . . . . 2 2 25 . Robot Analysis 7 | . . 2 . 2 2 . . 1 . . . Open Door 2 | . . . . . 2 . . . . . . Level Access Points 1 | . . . . . 1 . . . . . . Branch Access Points 1 | . . 1 . . . . . . . . . Emergency Access Points 2 | . . . . . 2 . . . . . . Unreport Threat 1 | . . . . . 1 . . . . . . Locate Traps 1 | . . . . . 1 . . . . . . Disarm Traps 1 | . . . . . 1 . . . . . . Recall Investigation 1 | . . . . . 1 . . . . . . Hauler Manifests 1 | . . 1 . . . . . . . . . Registered Components 1 | . . . . . 1 . . . . . . Zone Layout 1 | . 1 . . . . . . . . . . Fabricator Hacks . | . . . . . . . . . . . . Repair Station Hacks . | . . . . . . . . . . . . Recycling Unit Hacks 6 | . 1 1 . . 2 1 1 . . . . Retrieve Components 6 | . 1 1 . . 2 1 1 . . . . Scanalyzer . | . . . . . . . . . . . . Garrison Access Hacks . | . . . . . . . . . . . . Unauthorized Hacks 25 | . 5 7 . 2 5 3 . 3 . . . Terminals 23 | . 4 6 . 2 5 3 . 3 . . . Assimilate 2 | . . 2 . . . . . . . . . Botnet 15 | . 3 3 . 1 3 3 . 2 . . . Operators 6 | . 1 1 . 1 2 . . 1 . . . Fabricators . | . . . . . . . . . . . . Repair Stations . | . . . . . . . . . . . . Recycling Units 2 | . 1 1 . . . . . . . . . Reject 1 | . . 1 . . . . . . . . . Tunnel 1 | . 1 . . . . . . . . . . Scanalyzers . | . . . . . . . . . . . . Garrison Access . | . . . . . . . . . . . . Data Cores Recovered 3 | . . . . . . . . 2 . . 1 Used 1 | . . . . . . . . . . . 1 Hacking Detections 38 | . 5 7 . 2 7 6 1 5 3 . 2 Full Trace Events 1 | . . . . . 1 . . . . . . Feedback Events . | . . . . . . . . . . . . Feedback Blocked . | . . . . . . . . . . . . Robot Schematics Acquired . | . . . . . . . . . . . . Robots Built . | . . . . . . . . . . . . Authchips . | . . . . . . . . . . . . Time . | . . . . . . . . . . . . Total Robot Build Rating . | . . . . . . . . . . . . Part Schematics Acquired . | . . . . . . . . . . . . Parts Built . | . . . . . . . . . . . . Authchips . | . . . . . . . . . . . . Time . | . . . . . . . . . . . . Total Part Build Rating . | . . . . . . . . . . . . Parts Repaired . | . . . . . . . . . . . . Time . | . . . . . . . . . . . . Parts Recycled . | . . . . . . . . . . . . Recycled Matter . | . . . . . . . . . . . . Retrieved Matter . | . . . . . . . . . . . . Retrieved Components 35 | . 10 1 . . 19 3 2 . . . . Parts Scanalyzed . | . . . . . . . . . . . . Part Schematics Acquired . | . . . . . . . . . . . . Parts Damaged . | . . . . . . . . . . . . Bothacking | -11 -10 -9 -9 -8 -8 -8 -6 -6 -6 -6 -6 ------------ Run | Yrd Mat Mat Min Mat Sto Rec Fac Ext Cet Arc Hub Used RIF Installer . | . . . . . . . . . . . . Robots Hacked . | . . . . . . . . . . . . Non-combat . | . . . . . . . . . . . . Combat . | . . . . . . . . . . . . Robot Hacks Applied . | . . . . . . . . . . . . Relay Couplers Released 1 | . . . . . . . . . . . 1 Machine Destruction 1 | . . . . . . . . . . . 1 Fabnet Peak Effective % . | . . . . . . . . . . . . Robots Rewired 10 | . . . . . . . . 10 . . . Allies Hacked . | . . . . . . . . . . . . Hacks Repelled . | . . . . . . . . . . . . Allies | -11 -10 -9 -9 -8 -8 -8 -6 -6 -6 -6 -6 -------- Run | Yrd Mat Mat Min Mat Sto Rec Fac Ext Cet Arc Hub Total Allies 34 | . . . 1 . 12 . . 16 5 . . Largest Group 10 | . . . 1 . 10 10 10 10 7 5 3 Highest-Rated Group 666 | . . . 31 . 173 173 173 336 666 529 281 Highest-Rated Ally 159 | . . . 31 . 31 29 29 159 159 152 96 Total Orders 5 | . . . . . . 3 . . 2 . . STAY 2 | . . . . . . 1 . . 1 . . FOLLOW 3 | . . . . . . 2 . . 1 . . Ally Attacks 314 | . . . 8 . 16 13 70 102 64 14 27 Total Damage 6805 | . . . 63 . 193 172 963 1935 1984 808 687 Kills 50 | . . . . . 4 2 10 13 11 6 4 Allies Corrupted . | . . . . . . . . . . . . Allies Melted 1 | . . . . . . . . 1 . . . Intel | -11 -10 -9 -9 -8 -8 -8 -6 -6 -6 -6 -6 ------- Run | Yrd Mat Mat Min Mat Sto Rec Fac Ext Cet Arc Hub Robot Analysis Total 7 | . . 2 . 2 2 . . 1 . . . Derelict Logs Recovered 1 | . . . 1 . . . . . . . . Drone Launches . | . . . . . . . . . . . . Drone Recoveries . | . . . . . . . . . . . . Exploration | -11 -10 -9 -9 -8 -8 -8 -6 -6 -6 -6 -6 ------------- Run | Yrd Mat Mat Min Mat Sto Rec Fac Ext Cet Arc Hub Turns Passed 10611 | 58 990 1699 1195 282 898 995 872 1378 1068 437 739 Spaces Moved 4889 | 38 514 762 615 158 387 615 393 615 417 171 204 Core 20 | 18 . . . . . . . . . . 2 Treads 4546 | . 399 644 615 158 387 615 393 615 417 171 132 Legs 323 | 20 115 118 . . . . . . . . 70 Wheels . | . . . . . . . . . . . . Hover . | . . . . . . . . . . . . Flight . | . . . . . . . . . . . . Fastest Speed 50 | 50 120 120 160 160 160 155 155 160 160 240 190 Average Speed 171 | 114 151 166 160 160 160 157 155 160 235 240 241 Slowest Speed 1150 | 200 240 240 160 160 165 160 160 160 240 240 1150 Overloaded Moves . | . . . . . . . . . . . . Propulsion Burnouts . | . . . . . . . . . . . . Robots Hopped . | . . . . . . . . . . . . Cave-ins Triggered . | . . . . . . . . . . . . Exploration Rate (%) 61 | 3 81 83 94 16 71 98 11 74 95 95 21 Regions Visited 11 Branch Regions 7 Pre-discovered Areas 1 | . 1 . . . . . . . . . . Known Exits Taken 10 | . 1 1 1 1 1 1 1 1 1 1 . Unknown Exits Taken 1 | 1 . . . . . . . . . . . Scrap Searched 2 | . . . 2 . . . . . . . . Spaces Dug . | . . . . . . . . . . . . Terrain Destroyed 170 | . . . 73 . 57 . 33 . . . 7 Melee . | . . . . . . . . . . . . Projectile 7 | . . . . . . . . . . . 7 AOE 163 | . . . 73 . 57 . 33 . . . . Terrain Rammed . | . . . . . . . . . . . . Walls Destroyed . | . . . . . . . . . . . . Machines Disabled . | . . . . . . . . . . . . Actions | -11 -10 -9 -9 -8 -8 -8 -6 -6 -6 -6 -6 --------- Run | Yrd Mat Mat Min Mat Sto Rec Fac Ext Cet Arc Hub Total 6354 | 50 654 1018 788 190 565 639 575 888 460 199 328 Wait 483 | 4 78 82 132 11 37 14 99 18 2 5 1 Move 4878 | 37 513 761 614 157 386 614 392 614 416 170 204 Hop . | . . . . . . . . . . . . Pick Up 110 | 4 15 20 2 9 13 1 5 16 4 7 14 Fast Attach 43 | 4 4 8 . 1 8 . 7 1 . . 10 Attach 43 | 1 2 9 . 3 3 . 10 2 . 1 12 Detach 2 | . . . . . 1 . . . . . 1 Swap 103 | . 4 20 3 1 23 4 6 22 9 2 9 Drop 110 | . 3 21 2 8 24 3 7 16 5 8 13 Fire 351 | . 35 97 35 . 52 3 39 18 14 5 53 Melee 5 | . . . . . 5 . . . . . . Ram . | . . . . . . . . . . . . Kick 2 | . . . . . . . . . . . 2 Crush 3 | . . . . . . . 1 1 . . 1 Escape Stasis . | . . . . . . . . . . . . Rewire 140 | . . . . . . . . 139 . 1 . Trap . | . . . . . . . . . . . . Miscellaneous 81 | . . . . . 13 . 9 41 10 . 8 Route ------- -11/Scrapyard -10/Materials (discovered 4 exits: *Mat x2 / *Min x2) -9/Materials (discovered 4 exits: *Mat x2 / *Min x2) -9/Mines (discovered 2 exits: *Mat x2) -8/Materials (discovered 2 exits: *Sto x2) -8/Storage (discovered 2 exits: Fac / *Rec) -8/Recycling -6/Factory -6/Extension (discovered 3 exits: *Fac x2 / *Cet) -6/Cetus (discovered 3 exits: *Fac x2 / *Arc) -6/Archives (discovered 3 exits: *Fac / *Hub x2) -6/Hub_04(d) (discovered 2 exits: *Fac x2) History --------- Turn | Location | Event 23 | -11/Scrapyard | Discovered new exit (range 15) 59 | -11/Scrapyard | Entered Materials 162 | -10/Materials | Discovered new exit (range 13) 311 | -10/Materials | Build established: Mutant 320 | -10/Materials | Discovered new exit (range 3) 363 | -10/Materials | Identified exit to Materials 618 | -10/Materials | Discovered exit to Materials (range 7) 812 | -10/Materials | Discovered new exit (range 14) 850 | -10/Materials | Identified exit to Mines 1049 | -10/Materials | Entered another Materials area 1049 | -9/Materials | Evolved 2 slots: Utility x2 1188 | -9/Materials | Identified exit to Mines 1630 | -9/Materials | Lost 3 parts (3u) 1913 | -9/Materials | Build established: Scavenger-Mutant 1975 | -9/Materials | Central database locked down 2173 | -9/Materials | Discovered new exit (range 10) 2186 | -9/Materials | Identified exit to Materials 2453 | -9/Materials | Build established: Mutant 2520 | -9/Materials | Discovered exit to Materials (range 16) 2570 | -9/Materials | Core integrity fell below 50% 2748 | -9/Materials | Entered Mines 2755 | -9/Mines | Received a Rocket Launcher from a helpful Derelict 2883 | -9/Mines | Excavation squad dispatched 2883 | -9/Mines | A large section of the Mines collapsed 2955 | -9/Mines | Discovered exit to Materials (range 15) 2991 | -9/Mines | Build established: Scavenger-Mutant 3008 | -9/Mines | Received a Mining Laser from a helpful Derelict 3209 | -9/Mines | Discovered exit to Materials (range 9) 3333 | -9/Mines | Learned location of 1 exit from Materials 3943 | -9/Mines | Entered Materials 3943 | -8/Materials | Evolved 2 slots: Propulsion x1, Utility x1 3944 | -8/Materials | Identified exit to Storage 4189 | -8/Materials | Discovered exit to Storage (range 7) 4225 | -8/Materials | Entered Storage 4280 | -8/Storage | Met a pair of Derelict thieves 4390 | -8/Storage | Destroyed 9 combat bots 4414 | -8/Storage | Lost 4 parts (1n2u1w) 4646 | -8/Storage | Identified exit to Factory 4993 | -8/Storage | Assisted by bots powering up and referring to "LRC-V3" 5116 | -8/Storage | Discovered new exit (range 3) 5120 | -8/Storage | Identified exit to Recycling 5123 | -8/Storage | Entered Recycling 5123 | -8/Recycling | Accompanied by 10 allies 5296 | -8/Recycling | Build established: Commander-Mutant 6087 | -8/Recycling | Discovered new exit (range 16) 6111 | -8/Recycling | Identified exit to Factory 6118 | -8/Recycling | Entered Factory 6118 | -6/Factory | Accompanied by 10 allies 6118 | -6/Factory | Evolved 4 slots: Power x1, Utility x2, Weapon x1 6426 | -6/Factory | Build established: Commander-Gunner 6673 | -6/Factory | Lost 7 allies 6703 | -6/Factory | Lost 3 parts (1p2u) 6964 | -6/Factory | Lost 7 parts (1p2n1u3w) 6983 | -6/Factory | Discovered new exit (range 5) 6989 | -6/Factory | Identified exit to Extension 6990 | -6/Factory | Entered Extension 7014 | -6/Extension | Build established: Scavenger-Gunner 7108 | -6/Extension | Rescued a captive Derelict 7109 | -6/Extension | Rescued a captive Derelict 7480 | -6/Extension | Rescued a captive Derelict 7481 | -6/Extension | Rescued a captive Derelict 7637 | -6/Extension | Lost 4 allies 7652 | -6/Extension | Rescued A7 7727 | -6/Extension | Rescued a captive Derelict 7732 | -6/Extension | Spotted B-75 Beast 7736 | -6/Extension | Spotted B-75 Beast 7748 | -6/Extension | Destroyed B-75 Beast 7754 | -6/Extension | Destroyed B-75 Beast 7776 | -6/Extension | Lost 6 allies 7832 | -6/Extension | Discovered new exit (range 2) 7835 | -6/Extension | Identified exit to Factory 8325 | -6/Extension | Discovered exit to Factory (range 10) 8328 | -6/Extension | Discovered new exit (range 6) 8348 | -6/Extension | Identified exit to Cetus 8368 | -6/Extension | Entered Cetus 8368 | -6/Cetus | Accompanied by 5 allies (A7) 8373 | -6/Cetus | Acquired a Cetus Manufacturing Module code from A7 8390 | -6/Cetus | Spotted Cetus Guard 8390 | -6/Cetus | Spotted Cetus Guard 8394 | -6/Cetus | Spotted Cetus Guard 8399 | -6/Cetus | Spotted Cetus Guard 8408 | -6/Cetus | Allies destroyed Cetus Guard 8410 | -6/Cetus | Allies destroyed Cetus Guard 8417 | -6/Cetus | Destroyed Cetus Guard 8428 | -6/Cetus | Allies destroyed Cetus Guard 8445 | -6/Cetus | Lost 3 allies 8548 | -6/Cetus | Escorted A7 to Cetus Mainframe 8606 | -6/Cetus | Started Cetus Manufacturing Module 8631 | -6/Cetus | Manufactured an Enhanced Grunt 8656 | -6/Cetus | Manufactured an Enhanced Grunt 8681 | -6/Cetus | Manufactured an Enhanced Grunt 8706 | -6/Cetus | Manufactured an Enhanced Grunt 8731 | -6/Cetus | Manufactured an Enhanced Grunt 8791 | -6/Cetus | Discovered new exit (range 16) 8824 | -6/Cetus | Identified exit to Archives 8872 | -6/Cetus | Spotted Cetus Guard 8872 | -6/Cetus | Spotted Cetus Guard 8874 | -6/Cetus | Spotted Cetus Guard 8880 | -6/Cetus | Allies destroyed Cetus Guard 8887 | -6/Cetus | Allies destroyed Cetus Guard 8888 | -6/Cetus | Spotted Cetus Guard 8895 | -6/Cetus | Discovered exit to Factory (range 16) 8898 | -6/Cetus | Allies destroyed Cetus Guard 8899 | -6/Cetus | Allies destroyed Cetus Guard 8912 | -6/Cetus | Met Revision 17 9155 | -6/Cetus | Discovered exit to Factory (range 21) 9390 | -6/Cetus | Build established: Scavenger-Skirmisher 9436 | -6/Cetus | Entered Archives 9436 | -6/Archives | Accompanied by 5 allies (A7) 9441 | -6/Archives | Received a hacking code to weaken MAIN.C 9524 | -6/Archives | Unable to access archive contents 9527 | -6/Archives | Discovered new exit (range 18) 9536 | -6/Archives | Discovered new exit (range 22) 9551 | -6/Archives | Unable to access archive contents 9563 | -6/Archives | Discovered exit to Factory (range 22) 9577 | -6/Archives | Unable to access archive contents 9604 | -6/Archives | Unable to access archive contents 9673 | -6/Archives | Identified exit to Hub_04(d) 9873 | -6/Archives | Entered Hub_04(d) 9873 | -6/Hub_04(d) | Accompanied by 3 allies 9931 | -6/Hub_04(d) | Discovered exit to Factory (range 7) 10113 | -6/Hub_04(d) | Lost 3 allies 10153 | -6/Hub_04(d) | Garrison activated, responded to threat 10155 | -6/Hub_04(d) | Core integrity fell below 50% 10245 | -6/Hub_04(d) | Lost 13 parts (1p5n2u5w) 10269 | -6/Hub_04(d) | Destroyed 7 combat bots 10367 | -6/Hub_04(d) | Discovered exit to Factory (range 9) 10420 | -6/Hub_04(d) | Core integrity fell below 20% 10613 | -6/Hub_04(d) | Core destroyed Last Messages --------------- L-41 Fighter unfolds itself. Rnf. Deuterium Engine destroyed. Destroyed Imp. Deuterium Engine. Destroyed Carbon-fiber Leg. L-41 Fighter overheating. Arm. Treads severed. Acquired Arm. Treads. L-41 Fighter overheating. Overload: Heat surge (+120). Microactuators melted. L-41 Fighter destroyed. Hacking Suite destroyed. System corrupted by crushing effect (+5). Power failure, Rnf. Deuterium Engine shutdown. Overheating: Lyr. Medium Armor Plating damaged (-81). Lyr. Medium Armor Plating destroyed. System corrupted by crushing effect (+4). Critical hit (Burn: +50). Overheating: Core damaged (-144). Map ----- +----------------------------------------------------+ | ???????????????????????????????????????? | | ???????????????????????????????????????? | | ???????????????????????????????????????? | | ???????????????????????????????????????? | | ???????????????????????????????????????? | | ???????????????????????????????????????? | | ???????????????????????????????????????? | | ??????????????????????? ?????????????? | | ??????????????????????? ?????????????? | | ?????????????????#####? #????????????? | | ????????########## #? #????????????? | | ????????# # #? #????????????? | | ????????# # ## #????????????? | | ????????# # ## #????????????? | | ????????# # ## #????????????? | | ????????# + ## #????####????? | | ????????# # ## #??? ?????? | | ????????# # ## ##? ???????? | | ????????# + # # ????????? | | ????????# % # # # ?????????? | | ????????######/### # < + ??????????? | | ????????# g i# # #???????????? | | ????????# """ # # #???????????? | | ????????# # ##???????????? | | ????????# """ g%b# ##########???? | | ????????# @ + !!! # #???? | | ????????# # !!! # """ #???? | | ????????# " " # !!! + #???? | | ????????# " " # %* # """ #???? | | ????????# ! # % # #???? | | ????????########## % # #???? | | ??????????????# # """" ##########???? | | ??????????????# # """ ####?####????? | | ??????????????# # %" " # """T""" | | ???????########+## ! " % # ?? | | ???????# %#=%!!% + ??????? | | ???????# !#!!!*% ! #???????????? | | ???????#""""% !!%#* %!=%=%=#???????????? | | ???????#"""" %+!= ! * |##?######????? | | ???????#"""" !# ! !%[ #? ????? | | ???????#"""" [# ! # """?????? | | ???????# #% % # ????????? | | ???????# +% + "???????? | | ???#########"##+##!= # """?????? | | ???#! #=[ #%= #! ???? | | ???# *** +%]!%*== ! #? #??? | | ???# *** #!%!###### ]!#?? ???? | | ???# *** ##!##????#!%!#??#######???? | | ???############*#?????# ! #????????????? | | ???????????####+#######! #????????????? | +----------------------------------------------------+ Best States ------------- Heat Dissipation 75 Energy Generation 36 Energy Capacity 690 Matter Stores 300 Matter Capacity 300 Sight Range 22 Robot Scan Range 16 Terrain Scan Density 10 Armor Coverage 600 Propulsion Shielding 66 Evasion (%) 55 Targeting Accuracy 16 Recoil Reduction 3 Offensive Hacking 10 Item Schematics ----------------- None Robot Schematics ------------------ None Fabricated ------------ Nothing Alien Tech Used ----------------- None Achievements -------------- Brute Force Main Advantage Prison Break Project G-00 Revising The Future Challenges ------------ None Game ------ Seed CompactNetworkSource Manual? 0 Play Time 02:19:27 Cumulative 57.5 hours Start 2024.06.05 @ 23:59:54 End 2024.06.19 @ 18:50:25 Sessions 5 Manual Loads 0 Difficulty Rogue Special Mode None Game No. 43 Rogue 43 Adventurer 0 Explorer 0 Win Type - Total 0 Types 0/0/0/0/0/0/0/0/0 Lore% 40 Gallery% 47 Achievement% 35 Wizard Run 0 Options --------- Layout 1 ASCII 0 Keyboard 0 Movement Arrows Keybinds 0 Fullscreen 2 Font 24/Smallcaps Map View 50x35 Zoom Use 0% Tactical HUD 0 Map Filters NONE Filters NONE Steam 1 RUN: 0661182c-e8e1-49cd-968d-0db7c644706c